 Dungeon Crawl Stone Soup version 0.27-a0-1202-ge72e49191c (webtiles) character file.

Game seed: 6632433163772285171

1545 hatdisgam the Digger (level 9, 0/64 HPs)
             Began as a Formicid Earth Elementalist on June 4, 2021.
             Was an Initiate of Cheibriados.
             Slain by a two-headed ogre
             ... wielding a +0 giant club
              (22 damage)
             ... on level 7 of the Dungeon.
             The game lasted 00:11:53 (7108 turns).

hatdisgam the Digger (Formicid Earth Elementalist)  Turns: 7108, Time: 00:11:54

Health: 0/64       AC:  7    Str: 15    XL:     9   Next: 11%
Magic:  4/14       EV: 13    Int: 18    God:    Cheibriados [......]
Gold:   105        SH:  0    Dex: 12    Spells: 11/15 levels left

rFire    . . .     SeeInvis +   u - +0 falchion
rCold    . . .     Faith    .   (no shield)
rNeg     . . .     Spirit   .   c - +0 robe
rPois    .         Reflect  .   (helmet unavailable)
rElec    .         Harm     .   (no cloak)
rCorr    .         Rampage  .   p - +0 pair of gloves
Will     .....                  (no boots)
Stlth    ++........             (no amulet)
HPRegen  0.20/turn              i - +4 ring of protection
MPRegen  0.14/turn              (no ring)

@: very slow
A: permanent stasis, dig shafts and tunnels, antennae 3, four strong arms
a: Dig, Shaft Self, Renounce Religion, Bend Time


You were on level 7 of the Dungeon.
You worshipped Cheibriados.
Cheibriados was noncommittal.
You visited 1 branch of the dungeon, and saw 7 of its levels.

You collected 247 gold pieces.
You spent 142 gold pieces at shops.

Inventory:

Hand Weapons
 a - a +0 club
 k - a +0 war axe
 u - a +0 falchion (weapon)
 B - a +1 dagger of flaming
Missiles
 b - 134 stones
Armour
 c - a +0 robe (worn)
 p - a +0 pair of gloves (worn)
 v - the +2 robe of the Moon {rCorr Str+4 Int-4 Stlth+}
   (You bought it in a shop on level 4 of the Dungeon)

   It affects your strength (+4).
   It affects your intelligence (-4).
   It protects you from acid and corrosion.
   It makes you more stealthy.
Jewellery
 i - a +4 ring of protection (left hand)
 y - an amulet of faith
Wands
 C - a wand of mindburst (12)
Scrolls
 f - a scroll of enchant armour {unknown}
 h - 2 scrolls of teleportation {unknown}
 j - 2 scrolls of fear {unknown}
 l - a scroll of immolation {unknown}
 o - 2 scrolls of noise {unknown}
 q - a scroll of amnesia {unknown}
 r - a scroll of summoning
 t - a scroll of fog {unknown}
 w - a scroll of acquirement {unknown}
 x - a scroll of identify
 z - a scroll of blinking {unknown}
 D - a scroll of magic mapping {unknown}
Potions
 d - 2 potions of curing
 e - a potion of brilliance {unknown}
 g - a potion of lignification
 n - a potion of haste {unknown}
 s - a potion of invisibility {unknown}
 A - a potion of might {unknown}
 E - a potion of attraction {unknown}
 F - a potion of degeneration {unknown}


   Skills:
 + Level 3.4 Fighting
 * Level 4.6 Long Blades
 + Level 4.2 Dodging
 - Level 2.4 Stealth
 - Level 3.5 Spellcasting
 - Level 4.2 Conjurations
 - Level 1.1 Transmutations
 - Level 7.5 Earth Magic


You had 11 spell levels left.
You knew the following spells:

 Your Spells              Type           Power      Damage    Failure   Level
a - Sandblast             Erth           60%        2d14      1%          1
b - Stone Arrow           Conj/Erth      48%        3d10      4%          3

Your spell library contained the following spells:

 Spells                   Type           Power      Damage    Failure   Level
 Passwall                 Tmut/Erth      15%        N/A       4%          2
 Animate Skeleton         Necr           6%         N/A       16%         1
 Apportation              Tloc           6%         N/A       16%         1
 Corona                   Hex            3%         N/A       16%         1
 Summon Small Mammal      Summ           12%        N/A       16%         1
 Lee's Rapid Deconstruct  Erth           15%        3d11*     19%         5
 Call Imp                 Summ           3%         N/A       24%         2
 Petrify                  Tmut/Erth      18%        N/A       26%         4
 Animate Armour           Summ/Erth      32%        N/A       32%         4
 Call Canine Familiar     Summ           3%         N/A       43%         3
 Summon Guardian Golem    Hex/Summ       3%         N/A       43%         3
 Summon Ice Beast         Ice/Summ       3%         N/A       83%         4
 Summon Lightning Spire   Summ/Air       3%         N/A       83%         4
 Discord                  Hex            1%         N/A       100%        8


Dungeon Overview and Level Annotations

Branches:
Dungeon (7/15)
 Temple: D:4-7

Altars:
Cheibriados
Elyvilon
Ru
Vehumet

Shops:
D:4 [=   D:5 *


Innate Abilities, Weirdness & Mutations

You cannot be hasted, slowed, berserked, paralysed or teleported.
You can dig through walls and to a lower floor.
You have a pair of large antennae on your head. (SInv)
Your four strong arms can wield two-handed weapons with a shield.


Message History

Press: ? - help, Shift-Dir - straight line, f/p - two-headed ogre
Aim: a two-headed ogre, wielding two +0 giant clubs (lightly wounded, 91% to hit)
The blast of sand hits the two-headed ogre!
The two-headed ogre is moderately wounded.
The two-headed ogre hits you with a +0 giant club.
The two-headed ogre misses you.
Casting: Sandblast (safe; 1% risk of failure)
Confirm with . or Enter, or press ? or * to list all spells.
Aiming: Sandblast (safe; 1% risk of failure)
Press: ? - help, Shift-Dir - straight line, f/p - two-headed ogre
Aim: a two-headed ogre, wielding two +0 giant clubs (moderately wounded, 91% to hit)
The blast of sand hits the two-headed ogre!
The two-headed ogre is moderately wounded.
The two-headed ogre hits you with a +0 giant club! x2
Unknown command.
Casting: Sandblast (safe; 1% risk of failure)
Confirm with . or Enter, or press ? or * to list all spells.
Aiming: Sandblast (safe; 1% risk of failure)
Press: ? - help, Shift-Dir - straight line, f/p - two-headed ogre
Aim: a two-headed ogre, wielding two +0 giant clubs (moderately wounded, 91% to hit)
The blast of sand hits the two-headed ogre!
The two-headed ogre is heavily wounded.
The two-headed ogre misses you. x2
You feel much better.
Casting: Sandblast (safe; 1% risk of failure)
Confirm with . or Enter, or press ? or * to list all spells.
Aiming: Sandblast (safe; 1% risk of failure)
Press: ? - help, Shift-Dir - straight line, f/p - two-headed ogre
Aim: a two-headed ogre, wielding two +0 giant clubs (heavily wounded, 91% to hit)
The blast of sand hits the two-headed ogre!
The two-headed ogre is severely wounded.
The two-headed ogre hits you with a +0 giant club!!
* * * LOW HITPOINT WARNING * * *
The two-headed ogre hits you with a +0 giant club!
* * * LOW HITPOINT WARNING * * *
Unknown command.
You feel much better.
The two-headed ogre hits you with a +0 giant club!
The two-headed ogre hits you with a +0 giant club!!
You die...

#....)# ..
#....)# ..
######.....# ..
#.......)).# ..
......$....# ..
....##.....# . (
....##.<...#.._
.............≈.
.
###+##.@O.......
#.....##....
.......# ....
..!.......# ...
...$........+ ..
######......#
#.....#.
#########


You could see a two-headed ogre.

Vanquished Creatures
  Eustachio (D:5)
  A yak (D:6)
  An ice beast (D:6)
  A black bear (D:5)
  2 ogres (D:5)
  A necrophage (D:6)
  A centaur (D:6)
  A phantom (D:5)
  2 scorpions
  A centaur zombie (D:5)
  4 orc priests
  3 hounds
  A bullfrog skeleton (D:3)
  A centaur skeleton (D:6)
  An orc wizard (D:6)
  An iguana (D:4)
  A hound zombie (D:5)
  3 hound skeletons
  6 adders
  3 ufetubi
  4 worms
  3 dart slugs
  7 orcs
  7 ball pythons
  7 endoplasms
  3 giant cockroaches
  5 goblins
  7 hobgoblins
  2 jackals (D:3)
  5 kobolds
  3 quokkas
  4 bats
  4 frilled lizards
  5 rats
102 creatures vanquished.

Vanquished Creatures (others)
  2 plants (D:7)
2 creatures vanquished.

Grand Total: 104 creatures vanquished

Notes
Turn   | Place    | Note
-------+----------+-------------------------------------------
     0 | D:1      | hatdisgam the Formicid Earth Elementalist began the quest
                  | for the Orb.
     0 | D:1      | Reached XP level 1. HP: 13/13 MP: 3/3
   102 | D:1      | Reached skill level 4 in Earth Magic
   295 | D:1      | Reached XP level 2. HP: 18/19 MP: 5/5
  1077 | D:1      | Reached XP level 3. HP: 21/24 MP: 6/6
  2009 | D:2      | Learned a level 3 spell: Stone Arrow
  2030 | D:2      | Found a white marble altar of Elyvilon.
  2598 | D:2      | Reached XP level 4. HP: 30/30 MP: 8/8
  2834 | D:2      | Reached skill level 1 in Conjurations
  2834 | D:2      | Reached skill level 5 in Earth Magic
  2989 | D:3      | Reached XP level 5. HP: 27/35 MP: 9/9
  3892 | D:4      | Found Sugonuat's Distillery.
  4377 | D:4      | Reached XP level 6. HP: 41/41 MP: 8/11
  4424 | D:4      | Identified Sif Muna's Almanac of the Enchanting Rocks
  4483 | D:4      | Reached skill level 6 in Earth Magic
  4708 | D:4      | Found Supepad's Jewellery Shoppe.
  4948 | D:4      | Found Bukaissa's Antique Armour Shop.
  5139 | D:5      | Entered Level 5 of the Dungeon
  5188 | D:5      | Noticed an ogre
  5353 | D:4      | Bought an ichor-stained robe for 142 gold pieces
  5353 | D:4      | Identified the +2 robe of the Moon {rCorr Str+4 Int-4
                  | Stlth+} (You bought it in a shop on level 4 of the Dungeon)
  5584 | D:5      | Noticed a black bear
  5607 | D:5      | Reached XP level 7. HP: 45/46 MP: 6/12
  5684 | D:5      | Reached skill level 7 in Earth Magic
  5767 | D:5      | Found Anyfinit's Assorted Antiques.
  5789 | D:5      | Noticed Eustachio
  5991 | D:6      | Found a radiant altar of Vehumet.
  6000 | D:6      | Reached XP level 8. HP: 52/52 MP: 3/13
  6115 | D:6      | Reached skill level 1 in Long Blades
  6159 | D:6      | Found a snail-covered altar of Cheibriados.
  6182 | D:6      | Reached skill level 1 in Fighting
  6253 | D:6      | Became a worshipper of Cheibriados the Contemplative
  6449 | D:5      | Killed Eustachio
  7027 | D:7      | Noticed a hornet
  7027 | D:7      | Noticed a yak
  7027 | D:7      | Noticed a yak
  7027 | D:7      | Noticed a yak
  7027 | D:7      | Noticed a yak
  7027 | D:7      | Noticed a yak
  7033 | D:6      | Killed a yak
  7034 | D:6      | Reached XP level 9. HP: 62/64 MP: 7/14
  7098 | D:7      | Found a sacrificial altar of Ru.
  7098 | D:7      | Noticed a two-headed ogre
  7108 | D:7      | Slain by a two-headed ogre

Illustrated notes

Levels and vault maps discovered:
D:1:      wander_arrival_abandoned_jail, layout_basic
D:2:      layout_basic, basic_altar
D:3:      layout_loops_ring, minivault_4
D:4:      layout_layer_cave, serial_shops, nicolae_shop_waterfront, shop, shop,
          solitary_fountain
D:5:      layout_rooms, serial_shops, shop, uniq_eustachio
D:6:      layout_basic, lemuel_tele_altar, kennysheep_mini
D:7:      layout_gridville, fedhas_altar_1, minmay_temple_entry_oklob,
          chequers_ossuary_entry_cave, chequers_serial_rivers_micro_e,
          st_stairs_2, hangedman_feature_mirror

Skill      XL: |  1  2  3  4  5  6  7  8 |
---------------+-------------------------+-----
Earth Magic    | 4 5 6 7 |  7.5
Conjurations   | 1 2 3 4 |  4.2
Spellcasting   | 3 |  3.5
Dodging        | 2 4 |  4.2
Long Blades    | 4 |  4.6
Fighting       | 3 |  3.4
Stealth        | |  2.4
Transmutations | |  1.1

Action                   |  1- 3 |  4- 6 |  7- 9 || total
-------------------------+-------+-------+-------++-------
Melee: Club              |    91 |       |       ||    91
       Unarmed           |     3 |       |       ||     3
       War axe           |    33 |    81 |       ||   114
       Falchion          |       |    31 |    55 ||    86
 Cast: Sandblast         |    16 |    38 |    39 ||    93
       Stone Arrow       |       |     1 |    15 ||    16
Evoke: Wand              |       |       |     1 ||     1
  Use: Scroll            |       |     4 |       ||     4
       Potion            |       |       |     2 ||     2
 Stab: Sleeping          |     5 |     2 |     1 ||     8
Armor: Robe              |    39 |    53 |    58 ||   150
Dodge: Dodged            |    97 |    97 |   114 ||   308
       Rpst.: Falchion   |       |     5 |    19 ||    24

Table legend: (Time is in decaauts)
 A = Elapsed time spent in this place.
 B = Non-inter-level travel time spent in this place.
 C = Inter-level travel time spent in this place.
 D = Time resting spent in this place.
 E = Time spent auto-exploring this place.
 F = Levels seen in this place.
 G = Mean time per level.
                   A        B        C        D        E       F      G
               +--------+--------+--------+--------+--------+-----+--------+
         Total |   7367 |   7089 |    278 |    244 |   5758 |   7 | 1052.4 |
       Dungeon |   7367 |   7089 |    278 |    244 |   5758 |   7 | 1052.4 |
               +--------+--------+--------+--------+--------+-----+--------+

Top non-repeatable levels by time:
     D:1: 1812 daAuts
     D:4: 1591 daAuts
     D:2: 1127 daAuts
     D:6: 1008 daAuts
     D:3: 946 daAuts
     D:5: 836 daAuts
     D:7: 43 daAuts
